 Dungeon Crawl Stone Soup version 0.30-a0-1114-gd936c97349 (webtiles) character file.

Game seed: 8696319171286305215

23 LustLizard the Gusty (level 2, 0/16 HPs)
             Began as a Deep Elf Air Elementalist on Apr 20, 2023.
             Succumbed to an adder's poison
             ... on level 2 of the Dungeon.
             The game lasted 00:02:06 (1528 turns).

LustLizard the Gusty (Deep Elf Air Elementalist)    Turns: 1528, Time: 00:02:07

Health: 0/16       AC:  2    Str:  5    XL:     2   Next: 72%
Magic:  0/8        EV: 12    Int: 19    God:
Gold:   36         SH:  0    Dex: 15    Spells: 4/7 levels left

rFire   . . .      SeeInvis .    e - +0 whip
rCold   . . .      Faith    .    (no shield)
rNeg    . . .      Spirit   .    a - +0 robe
rPois   .          Reflect  .    (no helmet)
rElec   .          Rampage  .    (no cloak)
rCorr   .                        (no gloves)
Will    .....                    (no boots)
Stlth   ++                       (no amulet)
HPRegen 0.22/turn                d - ring of flight
MPRegen 0.11/turn                (no ring)

@: lethally poisoned (0 -> -7), flying, hasted, very quick
A: no striking features
a: no special abilities


You were on level 2 of the Dungeon.
You visited 1 branch of the dungeon, and saw 2 of its levels.

You collected 36 gold pieces.

Inventory:

Hand Weapons
 e - a +0 whip (weapon)
Armour
 a - a +0 robe (worn)
Jewellery
 d - a ring of flight (left hand)
Scrolls
 f - a scroll of magic mapping {unknown}
 h - a scroll of summoning {unknown}
 j - a scroll of fog {unknown}
Potions
 b - 2 potions of magic
 g - a potion of cancellation {unknown}
 i - a potion of attraction {unknown}
 k - a potion of mutation {unknown}


   Skills:
 + Level 0.3 Fighting
 - Level 2.4 Dodging
 + Level 2.7 Stealth
 + Level 3.2 Spellcasting
 * Level 1.8 Conjurations
 * Level 3.4 Air Magic


You had 4 spell levels left.
You knew the following spells:

 Your Spells              Type           Power      Damage    Failure   Level
a - Shock                 Conj/Air       52%        1d6       4%          1
b - Static Discharge      Conj/Air       26%        2-4/arc   8%          2

Your spell library contained the following spells:

 Spells                   Type           Power      Damage    Failure   Level
 Swiftness                Air            16%        N/A       11%         3
 Airstrike                Air            8%         2d(2-18)  36%         4


Dungeon Overview and Level Annotations

Branches:
Dungeon (2/15)

Altars:


Message History

You feel sick. The adder closely misses you.
Unknown command.
Casting: Static Discharge (safe; 8% risk of failure)
Confirm with . or Enter, or press ? or * to list all spells.
You don't have enough magic to cast this spell.
Unknown command.
Aiming: Shock (safe; 4% risk of failure)
Press: ? - help, Q - select action, (/) - cycle Shift-Dir - straight line The zap misses the adder.
The zap hits the adder.
The adder is heavily wounded.
You feel sick.
You are no longer poisoned.
The adder bites you.
* * * LOW HITPOINT WARNING * * *
Unknown command.
The adder bites you.
* * * LOW HITPOINT WARNING * * *
You miss the adder.
The adder is heavily wounded.
The adder barely misses you.
Aiming: Shock (safe; 4% risk of failure)
Press: ? - help, Q - select action, (/) - cycle Shift-Dir - straight line, f - adder
Aim: an adder (heavily wounded, 48% to hit)
The zap hits the adder.
The adder is severely wounded.
The adder misses you.
You barely miss the adder.
The adder is severely wounded.
The adder bites you but does no damage. x2
You closely miss the adder.
The adder is severely wounded.
The adder bites you but does no damage.
You miss the adder.
The adder is severely wounded.
The adder bites you.
* * * LOW HITPOINT WARNING * * *
You are lethally poisoned!
The adder poisons you! The adder closely misses you.
It was a potion of haste.
You feel yourself speed up.
You die...

#.....# #...........
.##.....######.....##...#
.......#..........##...#
#.......w###.........##
#........# #....w###...
####.....)..# #..........>
........<..####.###...#...
#####...S....#.# #...#...
#......@###.#.# #...####
#......#....#.# #...# #
#......#....#.# #...# #
#......####.#.# #...# #
#.............# #####
#.....###>....#
#.....#.#..##.#
####.##.....#.#
#.##.#)..#.#


You could see a worm and an adder.

Vanquished Creatures
  A dart slug (D:1)
  A bat (D:1)
  An endoplasm (D:1)
  3 giant cockroaches
  2 goblins (D:2)
  3 hobgoblins (D:1)
  A kobold (D:1)
  4 frilled lizards (D:1)
  3 rats
19 creatures vanquished.

Notes
Turn   | Place    | Note
-------+----------+-------------------------------------------
     0 | D:1      | LustLizard the Deep Elf Air Elementalist began the quest
                  | for the Orb.
     0 | D:1      | Reached XP level 1. HP: 10/10 MP: 6/6
   583 | D:1      | Reached XP level 2. HP: 15/15 MP: 5/8
   727 | D:1      | Learned a level 2 spell: Static Discharge
  1528 | D:2      | Succumbed to an adder's poison

Illustrated notes

Levels and vault maps discovered:
D:1:      shiori_shiawase, layout_basic
D:2:      layout_basic, uniq_robin

Action                     || total
---------------------------++-------
  Melee: Whip              ||     4
   Cast: Shock             ||    62
         Static Discharge  ||     1
    Use: Potion            ||     1
 Armour: Robe              ||     5
  Dodge: Dodged            ||     7

Table legend: (Time is in decaauts)
 A = Elapsed time spent in this place.
 B = Non-inter-level travel time spent in this place.
 C = Inter-level travel time spent in this place.
 D = Time resting spent in this place.
 E = Time spent auto-exploring this place.
 F = Levels seen in this place.
 G = Mean time per level.
                   A        B        C        D        E       F      G
               +--------+--------+--------+--------+--------+-----+--------+
         Total |   1527 |   1495 |     32 |    177 |   1107 |   2 |  763.5 |
       Dungeon |   1527 |   1495 |     32 |    177 |   1107 |   2 |  763.5 |
               +--------+--------+--------+--------+--------+-----+--------+

Top non-repeatable levels by time:
     D:1: 1341 daAuts
     D:2: 185 daAuts
